 Dungeon Crawl Stone Soup version 0.25.1-2-g60ff931df9 (webtiles) character file.

Game seed: 14535960759800613979

1407 Exodus22XD the Archer (level 8, -1/66 HPs)
             Began as a Centaur Hunter on Oct 24, 2020.
             Slain by a killer bee (5 damage)
             ... on level 6 of the Dungeon.
             The game lasted 00:15:30 (6966 turns).

Exodus22XD the Archer (Centaur Hunter)              Turns: 6966, Time: 00:15:31

Health: -1/66      AC:  7    Str: 17    XL:     8   Next: 42%
Magic:  0/17       EV:  9    Int: 10    God:
Gold:   300        SH:  0    Dex: 10    Spells: 7/7 levels left

rFire    . . .     SeeInvis .   a - +1 shortbow
rCold    . . .     Gourm    .   (shield currently unavailable)
rNeg     + . .     Faith    .   q - +0 ring mail
rPois    .         Spirit   +   (no helmet)
rElec    .         Reflect  .   (no cloak)
rCorr    .         Harm     .   e - +0 pair of gloves
MR       .....                  (no barding)
Stlth    ..........             t - amulet of guardian spirit
HPRegen  0.21/turn              r - ring of positive energy
MPRegen  0.15/turn              g - ring of magical power

@: very quick
A: large, hooves 3, deformed body, speed 2, tough skin 3
a: no special abilities


You were on level 6 of the Dungeon.
You were not hungry.

You visited 1 branch of the dungeon, and saw 6 of its levels.

You collected 300 gold pieces.

Inventory:

Hand Weapons
 a - a +1 shortbow (weapon)
 b - a +0 short sword
 y - a +0 rapier
Missiles
 d - 8 arrows (quivered)
Armour
 e - a +0 pair of gloves (worn)
 q - a +0 ring mail (worn)
Jewellery
 g - a ring of magical power (right hand)
 r - a ring of positive energy (left hand)
 t - an amulet of guardian spirit (around neck)
Wands
 n - a wand of digging (3)
 s - a wand of clouds (9)
 u - a wand of polymorph (5)
Scrolls
 c - a scroll of blinking {unknown}
 h - 2 scrolls of enchant armour {unknown}
 i - a scroll of teleportation {unknown}
 j - 2 scrolls of magic mapping {unknown}
 k - 2 scrolls of immolation {unknown}
 l - 5 scrolls of remove curse {unknown}
 m - 5 scrolls of identify {unknown}
 p - a scroll of enchant weapon {unknown}
 B - a scroll of fear {unknown}
Potions
 o - a potion of lignification {unknown}
 w - a potion of magic {unknown}
 x - a potion of brilliance {unknown}
 A - a potion of degeneration {unknown}
Comestibles
 f - 8 rations


   Skills:
 + Level 4.2 Fighting
 * Level 11.2 Bows
 + Level 3.5 Armour
 + Level 2.5 Dodging
 - Level 0.4 Stealth


You had 7 spell levels left.
You didn't know any spells.
Your spell library was empty.

Dungeon Overview and Level Annotations

Branches:
Dungeon (6/15)
 Temple: D:4-7

Altars:
Gozag
Kikubaaqudgha
Nemelex Xobeh
Ru
Uskayaw
Wu Jian
Zin
The Shining One

Shops:
D:4 [


Innate Abilities, Weirdness & Mutations

You have hooves in place of feet.
Armour fits poorly on your strangely shaped body.
You cover ground very quickly.
You have extremely tough skin. (AC +3)


Message History

The killer bee stings you.
* * * LOW HITPOINT WARNING * * *
You are poisoned.
The killer bee poisons you!
Firing (i - inventory)
d - 10 arrows (quivered)
Press: ? - help, Shift-Dir - straight line, f/p - killer bee
Aim: a killer bee (lightly wounded)
You shoot an arrow. The arrow barely misses the killer bee.
The arrow misses the killer bee.
You feel sick. The killer bee stings you.
* * * LOW HITPOINT WARNING * * *
You feel better. The killer bee stings you.
* * * LOW HITPOINT WARNING * * *
The killer bee barely misses you.
Firing (i - inventory)
d - 9 arrows (quivered)
Press: ? - help, Shift-Dir - straight line, f/p - killer bee
Aim: a killer bee (lightly wounded)
You shoot an arrow.
The arrow closely misses the killer bee. x2
The killer bee stings you.
You die...

######.######
#(# ####(#
##.##.#
##.#.#.#
#.###..#
##.#.#y#
##.##y# #.##@#
#.#..##
#...>.##
###....#
##....###
#.......######
#............#
#......<####.#
###...###


You could see 2 killer bees.

Vanquished Creatures
  A sky beast (D:5)
  An ice beast (D:5)
  An orc warrior (D:5)
  2 phantoms
  An ogre (D:4)
  3 killer bees (D:6)
  A crimson imp (D:5)
  An orc priest (D:4)
  3 hounds
  6 orc wizards
  4 worker ants
  Natasha (thrice) (D:3)
  An iguana (D:4)
  A hound zombie (D:5)
  3 gnolls (D:3)
  9 adders
  An ooze (D:5)
  An adder skeleton (D:5)
  A dart slug (D:1)
  4 leopard geckos
  11 orcs
  5 giant cockroaches
  9 goblins
  7 hobgoblins
  7 jackals
  3 quokkas
  A ball python (D:1)
  9 bats
  3 frilled lizards
  7 kobolds
  10 rats
120 creatures vanquished.

Notes
Turn   | Place    | Note
-------+----------+-------------------------------------------
     0 | D:1      | Exodus22XD the Centaur Hunter began the quest for the Orb.
     0 | D:1      | Reached XP level 1. HP: 17/17 MP: 1/1
    82 | D:1      | Reached XP level 2. HP: 14/24 MP: 2/2
   330 | D:1      | Reached skill level 6 in Bows
   516 | D:1      | Reached XP level 3. HP: 29/29 MP: 3/3
  1950 | D:2      | Reached skill level 1 in Armour
  1950 | D:2      | Reached XP level 4. HP: 8/37 MP: 4/4
  2314 | D:3      | Found an opulent altar of Gozag.
  2743 | D:3      | Noticed Natasha
  2772 | D:3      | Killed Natasha
  2772 | D:3      | Reached XP level 5. HP: 23/42 MP: 5/5
  2982 | D:3      | Found a sparkling altar of Nemelex Xobeh.
  3015 | D:3      | Noticed Natasha
  3033 | D:3      | Killed Natasha
  3250 | D:3      | Noticed Natasha
  3260 | D:3      | Killed Natasha
  3349 | D:3      | Reached skill level 7 in Bows
  3466 | D:3      | Found a sacrificial altar of Ru.
  3536 | D:3      | Found a glowing golden altar of the Shining One.
  3543 | D:3      | Found an ancient bone altar of Kikubaaqudgha.
  3604 | D:3      | Found an ornate altar of the Wu Jian Council.
  3672 | D:4      | Reached XP level 6. HP: 50/50 MP: 6/6
  4221 | D:4      | Reached skill level 8 in Bows
  4481 | D:4      | Reached XP level 7. HP: 57/57 MP: 7/7
  4544 | D:4      | Reached skill level 9 in Bows
  4659 | D:4      | Found Pewnoug's Armour Shop.
  4797 | D:4      | Found a glowing silver altar of Zin.
  5022 | D:5      | Entered Level 5 of the Dungeon
  5022 | D:5      | Found a hide-covered altar of Uskayaw.
  5821 | D:5      | Reached skill level 10 in Bows
  6157 | D:5      | Reached XP level 8. HP: 47/66 MP: 8/8
  6878 | D:6      | Reached skill level 11 in Bows
  6964 | D:6      | HP: 3/66 [killer bee (6)]
  6966 | D:6      | Slain by a killer bee

Illustrated notes

Levels and vault maps discovered:
D:1:      grunt_arrival_crossed_arrows, layout_loops_ring,
          corexii_hall_statues_u
D:2:      layout_loops_ring
D:3:      layout_rooms, nicolae_overflow_hidden_temple,
          nicolae_overflow_crystal_walls, nicolae_ru_the_path_less_chosen,
          overflow_temple_1_default, amethyst_overflow_temple_binary,
          uniq_natasha
D:4:      layout_basic, lemuel_coloured_pillars_altar, first_ration,
          serial_shops, nicolae_shop_behind_doors
D:5:      minmay_chambers_of_fours, layout_basic,
          eat_drink_and_be_merry_uskayaw, minmay_misc_feat_nine_boxes
D:6:      cheibrodos_steamvent, layout_loops_ring

Skill      XL: |  1  2  3  4  5  6  7  8 |
---------------+-------------------------+-----
Bows           | 6 7 8 10 11 | 11.2
Armour         | 1 2 3 |  3.5
Dodging        | 2 |  2.5
Fighting       | 3 4 |  4.2
Stealth        | |  0.4

Action                   |  1- 3 |  4- 6 |  7- 9 || total
-------------------------+-------+-------+-------++-------
Melee: Short sword       |   169 |   125 |    10 ||   304
       Kick              |    26 |    29 |    19 ||    74
       Unarmed           |       |     8 |       ||     8
       Rapier            |       |       |    82 ||    82
 Fire: Shortbow          |       |    94 |   128 ||   222
  Use: Potion            |     2 |       |     3 ||     5
  Eat: Chunk             |     2 |     8 |     6 ||    16
Armor: Leather armour    |    50 |       |       ||    50
       Ring mail         |    47 |    94 |    80 ||   221
Dodge: Dodged            |    99 |    77 |    67 ||   243
